 Dungeon Crawl Stone Soup version 0.30.0 (webtiles) character file.

Game seed: 16062832927627857373

294 Ic0nGaming the Cudgeller (level 6, -1/51 HPs)
             Began as a Hill Orc Berserker on May 6, 2023.
             Was a Believer of Trog.
             Slain by an orc
             ... wielding a +0 mace
              (4 damage)
             ... on level 4 of the Dungeon.
             The game lasted 00:05:17 (2989 turns).

Ic0nGaming the Cudgeller (Hill Orc Berserker)       Turns: 2989, Time: 00:05:17

Health: -1/51      AC:  5    Str: 22    XL:     6   Next: 33%
Magic:  6/6        EV: 11    Int:  7    God:    Trog [**....]
Gold:   136        SH:  0    Dex: 12    Spells: 5/5 levels left

rFire   . . .        a - +1 flail
rCold   . . .        (no shield)
rNeg    + + .        r - +0 ring mail of Lilacs {rN++ Dex+2}
rPois   .            (no helmet)
rElec   .            (no cloak)
rCorr   .            (no gloves)
SInv    .            (no boots)
Will    .....        (no amulet)
Stlth   +            (no ring)
HPRegen 0.28/turn    (no ring)
MPRegen 0.10/turn

%: no passive effects
@: no status effects
A: no striking features
a: Renounce Religion, Berserk, Trog's Hand


You were on level 4 of the Dungeon.
You worshipped Trog.
Trog was pleased with you.
You visited 1 branch of the dungeon, and saw 4 of its levels.

You collected 136 gold pieces.

Inventory:

Hand Weapons
 a - a +1 flail (weapon)
 b - a +0 dagger of venom
 g - a +0 hand axe
Missiles
 f - 6 javelins (quivered)
 l - 4 boomerangs
Armour
 r - the +0 ring mail of Lilacs (worn) {rN++ Dex+2}
   (You found it on level 4 of the Dungeon)

   Dex:       It affects your dexterity (+2).
   rN:        It greatly protects you from negative energy.
Wands
 o - a wand of digging (1)
 q - a wand of roots (11)
Scrolls
 d - a scroll of magic mapping
 h - 3 scrolls of teleportation
 n - a scroll of butterflies
Potions
 c - a potion of haste {unknown}
 e - 2 potions of brilliance {unknown}
 i - a potion of heal wounds {unknown}
 j - 4 potions of curing
 k - 2 potions of resistance
 m - a potion of mutation {unknown}
 p - a potion of lignification {unknown}


   Skills:
 - Level 3.6 Fighting
 - Level 5.5(7.2) Axes
 + Level 5.8(6.6) Maces & Flails
 - Level 2.1 Armour
 - Level 1.5 Dodging


You had 5 spell levels left.
You didn't know any spells.
Your spell library was empty.

Dungeon Overview and Level Annotations

Branches:
Dungeon (4/15)
 Temple: D:4-7

Altars:
Cheibriados
Dithmenos
Fedhas
Okawaru
Ru
Trog
Vehumet

Shops:
D:3 (


Message History

The orc wizard flickers and vanishes!
Deactivating autopickup; reactivate with Ctrl-A.
The orc hits you with a +0 mace. Something hits you.
You can move again.
You barely miss something.
You hear some strange, mumbled words.
A puff of flame appears from out of thin air!
The puff of flame hits you. The orc hits you with a +0 mace.
You closely miss something. The orc closely misses you.
Something hits you but does no damage.
Unknown command.
You sock something!
You hear some strange, mumbled words.
Something tries to affect you, but you resist.
The orc hits you but does no damage.
You closely miss something. The orc misses you.
Something hits you but does no damage.
You closely miss something. The orc hits you with a +0 mace.
Something hits you.
You miss something. Something hits you but does no damage.
The orc closely misses you.
You closely miss something. The orc hits you with a +0 mace.
* * * LOW HITPOINT WARNING * * *
You hear a zap.
You suddenly lose the ability to move!
The orc hits you but does no damage. Something hits you but does no damage.
Something hits you but does no damage. The orc hits you but does no damage.
The orc hits you with a +0 mace.
* * * LOW HITPOINT WARNING * * *
Something hits you.
* * * LOW HITPOINT WARNING * * *
The orc hits you with a +0 mace.
* * * LOW HITPOINT WARNING * * *
Something hits you but does no damage.
You can move again.
Unknown command.
Something hits you.
* * * LOW HITPOINT WARNING * * *
The orc attacks as you move away! The orc hits you with a +0 mace.
You die...

.≈§_.≈.≈.## ##..#..#
.≈§..≈§≈..# ##......#
.≈§§§§.≈..####..##.#...#
......!≈........##.#....(.
≈≈≈≈≈≈≈≈..#.....##.###..##
................#...###..#
###..#.........#....###.#
##.#.........#o.#..##.#
#.#.......#.@{..._##.#
#.##..#.....##.#.....#
#.##........##..[###.#
#.....#####.##..#.#..#
####### #..#[.##..##
##.##.##..## #..####..##
#........# #....###.#


You could see an orc.

Vanquished Creatures
  A scorpion (D:4)
  A howler monkey (D:3)
  A hound (D:4)
  2 iguanas (D:4)
  A gnoll (D:1)
  3 adders (D:2)
  An ufetubus (D:4)
  A worm (D:4)
  5 dart slugs
  2 orcs
  3 bats
  6 endoplasms
  5 giant cockroaches
  6 goblins
  2 hobgoblins
  2 quokkas
  6 ball pythons
  2 frilled lizards
  6 kobolds
  8 rats
64 creatures vanquished.

Notes
Turn   | Place    | Note
-------+----------+-------------------------------------------
     0 | D:1      | Ic0nGaming the Hill Orc Berserker began the quest for the
                  | Orb.
     0 | D:1      | Reached XP level 1. HP: 19/19 MP: 1/1
   173 | D:1      | Reached XP level 2. HP: 13/26 MP: 2/2
   258 | D:1      | Reached skill level 5 in Axes
   455 | D:1      | Reached XP level 3. HP: 5/31 MP: 3/3
   630 | D:1      | Reached skill level 1 in Maces & Flails
   793 | D:2      | Reached ** piety under Trog
   903 | D:2      | Reached XP level 4. HP: 14/39 MP: 4/4
  2095 | D:3      | Found a radiant altar of Vehumet.
  2181 | D:3      | Found an iron altar of Okawaru.
  2181 | D:3      | Found a bloodstained altar of Trog.
  2250 | D:3      | Found a snail-covered altar of Cheibriados.
  2253 | D:3      | Found a blossoming altar of Fedhas.
  2287 | D:3      | Reached XP level 5. HP: 41/45 MP: 5/5
  2313 | D:3      | Found Nixuticun's Antique Weapon Emporium.
  2577 | D:4      | Identified the +0 ring mail of Lilacs {rN++ Dex+2}
  2651 | D:4      | Found a shadowy altar of Dithmenos.
  2734 | D:4      | Reached skill level 5 in Maces & Flails
  2742 | D:4      | Reached XP level 6. HP: 42/51 MP: 6/6
  2839 | D:4      | Found a sacrificial altar of Ru.
  2974 | D:4      | Paralysed by an orc wizard for 5 turns
  2985 | D:4      | Paralysed by something for 4 turns
  2989 | D:4      | Slain by an orc

Illustrated notes

Levels and vault maps discovered:
D:1:      minmay_arrival_five_plusses, layout_rooms
D:2:      layout_basic, chequers_serial_rivers_micro_c
D:3:      layout_loops_ring, grunt_temple_overflow_bloody_war,
          mainiacjoe_overflow_catwalk, mainiacjoe_overflow_surrounded_room,
          lemuel_tele_altar, serial_shops, nicolae_shop_pleasant_corner_grove
D:4:      layout_loops_corners, mainiacjoe_overflow_concentric_impassable,
          minmay_ruined_shrine

Skill      XL: |  1  2  3  4  5 |
---------------+----------------+-----
Axes           | 5 |  5.5
Maces & Flails | 2 4 5 |  5.8
Fighting       | |  3.6
Armour         | |  2.1
Dodging        | |  1.5

Action                     |  1- 3 |  4- 6 || total
---------------------------+-------+-------++-------
  Melee: Dagger            |    87 |    59 ||   146
         Hand axe          |    14 |       ||    14
         Punch             |     2 |     3 ||     5
         Flail             |       |    68 ||    68
    Use: Scroll            |     3 |     6 ||     9
 Armour: Animal skin       |    21 |     6 ||    27
         Ring mail         |       |    32 ||    32
  Dodge: Dodged            |    54 |    63 ||   117
